 Dungeon Crawl Stone Soup version 0.18.1-5-g4a78601 (webtiles) character file.

43 jacquesderrida the Poker (level 3, 0/27 HPs)
             Began as a Demonspawn Skald on May 14, 2016.
             Slain by a gnoll (3 damage)
             ... on level 2 of the Dungeon.
             The game lasted 00:01:26 (1284 turns).

jacquesderrida the Poker (Demonspawn Skald)         Turns: 1284, Time: 00:01:27

Health: 0/27       AC:  3    Str: 13 (14) XL:     3   Next: 37%
Magic:  6/6        EV: 13    Int: 10 (13) God:
Gold:   80         SH:  0    Dex: 11 (13) Spells: 1 memorised, 5 levels left

rFire  . . .     SeeInvis .     a - +0 spear
rCold  + . .     Gourm    .     b - +0 leather armour
rNeg   . . .     Faith    .     (no shield)
rPois  +         Spirit   .     (no helmet)
rElec  .         Dismiss  .     (no cloak)
rCorr  .         Reflect  .     (no gloves)
SustAt .         Harm     .     (no boots)
MR     .....                    (no amulet)
Stlth  ++........               g - ring of poison resistance
                                f - ring of flight

@: not resistant to hostile enchantments, unstealthy
A: fangs 1, repulsion field 1, camouflage 1, cold resistance 1, strong 1
a: Evoke Flight


You were on level 2 of the Dungeon.
You were very hungry.

You visited 1 branch of the dungeon, and saw 2 of its levels.

You collected 80 gold pieces.

Inventory:

Hand Weapons
 a - a +0 spear (weapon)
Armour
 b - a +0 leather armour (worn)
Jewellery
 f - a ring of flight (left hand)
 g - a ring of poison resistance (right hand)
Scrolls
 i - a scroll of teleportation {unknown}
 j - a scroll of enchant weapon {unknown}
 l - a scroll of fear {unknown}
 n - a scroll of magic mapping {unknown}
Books
 c - a book of Battle

   Spells                             Type                      Level
   a - Infusion                       Charms                       1
   b - Shroud of Golubria             Charms/Translocation         2
   c - Song of Slaying                Charms                       2
   d - Spectral Weapon                Hexes/Charms                 3
   e - Regeneration                   Charms/Necromancy            3
Comestibles
 d - a bread ration
 k - a meat ration
 o - 3 fruits


   Skills:
 - Level 2.0 Fighting
 + Level 3.4 Polearms
 - Level 0.8 Armour
 - Level 0.8 Dodging
 - Level 2.0 Spellcasting
 - Level 2.6 Charms


You had 5 spell levels left.
You knew the following spells:

 Your Spells              Type           Power        Failure   Level  Hunger
a - Infusion              Chrm           #...         14%         1    ##.....


Dungeon Overview and Level Annotations

Branches:
Dungeon (2/15)

Altars:
Makhleb


Innate Abilities, Weirdness & Mutations

You are surrounded by a mild repulsion field (EV +2).
Your flesh is cold resistant.
You have very sharp teeth.
Your skin changes colour to match your surroundings (Stealth).
Your muscles are strong. (Str +2)


Message History

You begin to radiate repulsive energy.
Found a chain mail.
Drink which item? (? for menu, Esc to quit)
It was a potion of might.
You feel very mighty all of a sudden.
Drink which item? (? for menu, Esc to quit)
It was a potion of cancellation.
Your magical effects are unravelling.
Your magical contamination has completely faded away.
You feel magically purged.
You feel yourself slow down.
You feel a little less mighty now.
You are too injured to fight recklessly!
You are too injured to fight recklessly!
You hit the gnoll.
The gnoll is heavily wounded.
The gnoll completely misses you.
You hit the gnoll.
You kill the gnoll!
You closely miss the gnoll. The gnoll hits you.
You die...

#...# #...# ## ##.>.####. #.
..>......# #.# ........# ..
.....# #.## ##...# .#.###..#
#.#######...[...#### ##
#(..._#2# #@##.. .# #.#######
#g##.####.### ##...#
#########.##.#......#
.....###..<.†.##.##.#...%#
.#[.....#####.##.##.#..g.#
.####...#####.##.##.#.#...g...
..#........##.##...[g###.#.###
....#...........#####.# ## #
.##.#......##.#.# ...


You could see a gnoll.

Vanquished Creatures
  2 gnolls (D:2)
  A dart slug (D:2)
  2 giant cockroaches
  2 goblins
  5 hobgoblins
  A ball python (D:2)
  3 bats (D:1)
  A giant newt (D:1)
  3 kobolds
  3 rats
23 creatures vanquished.

Notes
Turn   | Place    | Note
--------------------------------------------------------------
     0 | D:1      | jacquesderrida the Demonspawn Skald began the quest for the Orb.
     0 | D:1      | Reached XP level 1. HP: 16/16 MP: 3/3
   394 | D:1      | Reached skill level 2 in Polearms
  1036 | D:1      | Gained mutation: Your flesh is cold resistant. [demonic ancestry]
  1036 | D:1      | Reached XP level 2. HP: 22/22 MP: 5/5
  1119 | D:2      | Found a burning altar of Makhleb.
  1119 | D:2      | Noticed a blizzard demon
  1220 | D:2      | Reached skill level 3 in Polearms
  1265 | D:2      | Gained mutation: You have very sharp teeth. [potion of mutation]
  1265 | D:2      | Gained mutation: Your skin changes colour to match your surroundings (Stealth). [potion of mutation]
  1265 | D:2      | Gained mutation: Your muscles are strong. (Str +2) [potion of mutation]
  1276 | D:2      | Gained mutation: You are surrounded by a mild repulsion field (EV +2). [demonic ancestry]
  1276 | D:2      | Reached XP level 3. HP: 2/27 MP: 6/6
  1284 | D:2      | Slain by a gnoll

Skill      XL: |  1  2 |
---------------+-------+-----
Polearms       | 2 3 |  3.4
Fighting       | |  2.0
Armour         | |  0.8
Dodging        | |  0.8
Spellcasting   | |  2.0
Charms         | |  2.6

Action                   || total
-------------------------++-------
Melee: Spear             ||   101
       Bite              ||     1
  Use: Potion            ||     5
Armor: Leather armour    ||    18
Dodge: Dodged            ||    39
